Map: Catalisador LE

Players

IagoAbreu - Winner!

  • Race: Terran Terran
  • League: Silver
  • Spawn Location: 5:00

rodrimed

  • Race: Protoss Protoss
  • League: Silver
  • Spawn Location: 11:00

VOD

Have the link to the VOD?

Description

Time

  • Played on: March 9, 2018, 6:24 p.m.
  • Length: 19:29
Show
View Real Time Build Order
Export as new Build Order

IagoAbreu Terran - Winner!

Build Orders:  

Get SALT Encoding   

  12  0:02  SCV  
  13  0:13  Supply Depot  
  13  0:19  SCV  
  14  0:28  Refinery  
  14  0:31  SCV  
  15  0:40  Supply Depot  
  15  0:43  SCV  
  16  1:03  Barracks  
  16  1:07  SCV  
  17  1:18  Engineering Bay  
  17  1:20  SCV  
  18  1:36  SCV  
  19  1:40  Barracks  
  19  1:48  SCV  
  19  1:53  Terran Infantry Weapons Level 1  
  20  1:57  Barracks Tech Lab  
  21  2:09  Orbital Command  
  20  2:22  Barracks  
  20  2:33  Refinery  
  20  2:36  Barracks Reactor  
  20  2:39  SCV  
  21  2:54  SCV  
  22  3:06  SCV  
  22  3:11  Barracks  
  23  3:13  Barracks Reactor  
  23  3:17  Combat Shields  
  23  3:25  Factory  
  23  3:27  Marine x2  
  25  3:45  Marine x2  
  27  4:03  Command Center, Barracks Reactor  
  27  4:13  Missile Turret  
  27  4:17  Missile Turret  
  27  4:21  Marine x4  
  31  4:28  Armory  
  31  4:41  Missile Turret  
  31  4:50  Missile Turret  
  31  4:58  Barracks Reactor  
  31  5:10  Supply Depot  
  31  5:11  Supply Depot  
  31  5:17  Missile Turret  
  31  5:22  SCV  
  32  5:30  Marine x4  
  32  5:33  Marine  
  32  5:34  Marine  
  38  5:42  Orbital Command  
  38  5:54  Supply Depot  
  38  5:56  Supply Depot  
  38  6:15  Starport  
  38  6:29  Marine x5  
  38  6:30  Marine x3  
  41  6:51  Marine  
  41  6:52  Marine x3  
  41  6:53  Marine x4  
  32  7:12  Medivac  
  34  7:29  Marine x3  
  31  7:30  Marine x5  
  34  7:42  Medivac  
  35  7:55  Marine  
  35  7:56  Marine x5  
  35  7:57  Marine x2  
  28  8:11  SCV  
  26  8:14  SCV  
  27  8:23  SCV  
  27  8:26  SCV  
  29  8:35  SCV  
  29  8:39  Supply Depot  
  30  8:47  SCV, Supply Depot  
  31  8:52  Engineering Bay  
  31  8:56  SCV  
  31  8:59  SCV  
  33  9:03  Factory Tech Lab  
  33  9:04  Starport Reactor  
  33  9:08  SCV  
  34  9:11  SCV  
  34  9:16  Marine x2  
  37  9:20  SCV  
  37  9:23  SCV  
  39  9:24  Terran Infantry Weapons Level 2  
  39  9:28  Terran Vehicle And Ship Armor Level 1  
  39  9:32  SCV  
  39  9:35  SCV  
  42  9:38  Reaper x3  
  42  9:39  Reaper x4  
  42  9:40  Reaper  
  49  10:15  Marine  
  49  10:16  Marine x6  
  49  10:17  Marine  
  49  10:21  Medivac x2  
  61  10:30  SCV  
  61  10:33  Marine x2  
  61  10:34  Marine x6  
  70  10:42  SCV  
  71  10:53  Marine  
  71  10:54  Marine x5, SCV  
  78  11:01  Marine x2  
  80  11:04  Supply Depot  
  80  11:06  Supply Depot  
  80  11:09  Medivac x2  
  84  11:17  Marine x3  
  87  11:19  Marine  
  87  11:21  Marine  
  81  12:14  Marine x6  
  81  12:15  Marine x2  
  89  12:20  Medivac  
  91  12:32  Marine x7  
  91  12:33  Marine  
  73  13:04  Marine x6  
  73  13:05  Marine x2  
  81  13:07  Medivac x2  
  85  13:19  Terran Infantry Weapons Level 3  
  56  14:13  Marine x5  
  56  14:14  Marine x3  
  64  14:31  Marine x6  
  61  14:32  Marine x2  
  60  14:55  Medivac  
  60  14:56  Medivac  
  60  14:57  Marine  
  60  14:58  Marine x7  
  71  15:15  Marine x2  
  71  15:16  Marine x3  
  76  15:25  Medivac  
  76  15:26  Medivac  
  45  16:14  Marine  
  45  16:15  Marine x7  
  45  16:18  Medivac x2  
  57  16:32  Marine x3  
  57  16:33  Marine x5  
  64  17:18  Liberator x2  
  64  17:20  Marine x5  
  64  17:21  Marine x3  
  66  17:25  Refinery  
  66  17:28  Refinery  
  72  17:39  Command Center  
  72  17:43  Marine x2  
  72  17:44  Marine x6  
  70  18:01  Marine x3, Liberator x2  
  70  18:02  Marine x5  
  78  18:19  Marine x2  
  84  18:20  Marine x5  
  84  18:21  Marine  
Show
View Real Time Build Order
Export as new Build Order

rodrimed Protoss 

Build Orders:  

Get SALT Encoding   

  12  0:01  Probe  
  13  0:13  Probe  
  14  0:20  Pylon  
  14  0:25  Probe  
  15  0:38  Probe (Chrono Boost)  
  15  0:40  Gateway  
  17  0:50  Probe (Chrono Boost)  
  17  0:59  Pylon  
  17  1:01  Probe  
  17  1:03  Assimilator  
  18  1:13  Probe (Chrono Boost)  
  19  1:22  Probe (Chrono Boost)  
  19  1:24  Gateway  
  20  1:27  Cybernetics Core  
  20  1:34  Pylon  
  20  1:46  Zealot  
  22  1:52  Pylon  
  22  1:58  Gateway  
  22  2:01  Probe (Chrono Boost)  
  23  2:10  Assimilator  
  23  2:11  Probe (Chrono Boost)  
  24  2:16  Probe (Chrono Boost)  
  24  2:19  Stalker  
  27  2:29  Zealot  
  29  2:32  Warp Gate  
  29  2:46  Zealot  
  29  2:49  Stalker  
  33  2:57  Pylon  
  33  3:18  Nexus  
  33  3:22  Probe  
  34  3:29  Zealot  
  36  3:36  Stalker  
  38  3:45  Stalker  
  40  3:51  Probe  
  41  3:56  Zealot  
  43  4:07  Twilight Council  
  43  4:14  Pylon  
  43  4:24  Gateway  
  43  4:40  Probe (Chrono Boost)  
  43  4:42  Pylon  
  43  4:43  Probe (Chrono Boost)  
  45  4:50  Charge (Chrono Boost)  
  45  4:52  Probe (Chrono Boost)  
  47  4:53  Probe (Chrono Boost)  
  47  4:58  Probe (Chrono Boost)  
  48  5:01  Stalker  
  48  5:05  Zealot  
  52  5:10  Stalker  
  52  5:13  Probe  
  55  5:18  Probe  
  56  5:26  Probe  
  57  5:30  Probe  
  58  5:36  Stalker  
  58  5:38  Stalker, Probe  
  58  5:42  Probe  
  64  5:50  Stalker, Probe  
  64  5:53  Stalker  
  69  6:05  Gateway  
  69  6:06  Gateway  
  69  6:15  Resonating Glaives, Probe (Chrono Boost)  
  70  6:24  Probe (Chrono Boost)  
  71  6:39  Nexus  
  53  7:07  Zealot x3  
  53  7:08  Zealot  
  61  7:12  Stalker x2  
  57  7:49  Stalker x2  
  57  7:50  Stalker x4  
  69  7:55  Blink  
  63  8:01  Gateway  
  63  8:02  Gateway  
  61  8:07  Pylon x2  
  61  8:09  Pylon  
  55  8:24  Stalker  
  55  8:25  Stalker x2  
  55  8:26  Stalker  
  55  8:27  Stalker x2  
  65  8:31  Pylon  
  67  8:34  Pylon x2  
  67  8:38  Robotics Facility  
  67  8:39  Robotics Facility  
  67  8:42  Pylon  
  67  8:46  Forge  
  67  8:49  Pylon  
  67  8:51  Cybernetics Core  
  68  8:55  Probe (Chrono Boost)  
  68  9:06  Probe (Chrono Boost)  
  68  9:09  Forge  
  69  9:11  Probe (Chrono Boost)  
  69  9:16  Robotics Facility  
  70  9:18  Robotics Facility  
  70  9:21  Pylon  
  70  9:22  Probe  
  71  9:26  Assimilator  
  71  9:28  Assimilator  
  71  9:31  Probe  
  72  9:34  Probe  
  73  9:38  Assimilator  
  73  9:40  Assimilator  
  73  9:43  Probe  
  74  9:48  Probe (Chrono Boost)  
  75  9:54  Probe (Chrono Boost)  
  78  10:00  Probe (Chrono Boost)  
  78  10:01  Nexus  
  78  10:04  Stalker, Probe (Chrono Boost)  
  78  10:05  Stalker, Probe (Chrono Boost)  
  83  10:09  Probe (Chrono Boost)  
  83  10:12  Observer x2  
  86  10:14  Observer  
  86  10:15  Observer  
  86  10:18  Protoss Ground Armor Level 1  
  86  10:21  Probe  
  89  10:23  Protoss Shields Level 1  
  89  10:34  Probe (Chrono Boost)  
  90  10:40  Assimilator  
  90  10:44  Probe (Chrono Boost)  
  90  10:45  Assimilator  
  90  10:49  Probe (Chrono Boost)  
  92  11:01  Probe  
  93  11:06  Probe  
  94  11:13  Probe x2  
  94  11:17  Probe  
  94  11:18  Probe  
  98  11:29  Probe x2 (Chrono Boost)  
  101  11:34  Probe (Chrono Boost)  
  101  11:36  Probe (Chrono Boost)  
  101  11:39  Probe (Chrono Boost)  
  96  11:41  Stalker x3, Probe (Chrono Boost)  
  96  11:42  Stalker x3  
  96  11:43  Stalker x2, Probe (Chrono Boost)  
  96  11:44  Probe (Chrono Boost)  
  111  11:55  Probe  
  111  12:10  Probe (Chrono Boost)  
  112  12:17  Stargate  
  112  12:19  Stargate  
  112  12:20  Probe (Chrono Boost)  
  112  12:25  Probe (Chrono Boost)  
  83  12:46  Stalker x2  
  83  12:47  Stalker x3  
  83  12:48  Stalker x3  
  83  12:55  Immortal (Chrono Boost)  
  83  12:57  Immortal (Chrono Boost)  
  75  12:59  Immortal (Chrono Boost)  
  77  13:14  Stalker x2  
  77  13:15  Stalker x2  
  77  13:16  Stalker x3  
  77  13:17  Stalker  
  87  13:47  Zealot x3  
  87  13:48  Zealot x2  
  81  13:59  Immortal (Chrono Boost)  
  73  14:04  Stalker  
  73  14:05  Immortal (Chrono Boost)  
  75  14:18  Stalker  
  75  14:19  Stalker x3  
  75  14:20  Stalker  
  75  14:23  Zealot x2  
  89  14:35  Immortal  
  89  14:37  Immortal  
  70  15:10  Nexus  
  69  15:17  Stalker x3  
  69  15:18  Stalker  
  69  15:40  Stalker x2  
  69  15:41  Stalker  
  69  15:42  Stalker  
  55  16:01  Immortal  
  53  16:07  Probe  
  54  16:18  Stalker  
  54  16:20  Probe  
  54  16:22  Stalker  
  59  16:28  Probe  
  58  16:40  Probe  
  55  16:47  Stalker x2  
  58  16:56  Probe (Chrono Boost)  
  59  17:05  Probe (Chrono Boost)  
  59  17:07  Probe (Chrono Boost)  
  62  17:13  Probe x2 (Chrono Boost)  
  62  17:14  Probe (Chrono Boost)  
  64  17:18  Probe (Chrono Boost)  
  64  17:20  Probe  
  66  17:23  Probe  
  66  17:24  Stalker x2  
  66  17:25  Stalker  
  66  17:29  Probe  
  74  17:32  Stalker  
  74  17:35  Probe  
  77  17:41  Probe  
  78  17:59  Probe (Chrono Boost)  
  79  18:10  Probe (Chrono Boost)  
  79  18:12  Probe (Chrono Boost)  
  82  18:14  Probe (Chrono Boost)  
  82  18:15  Probe (Chrono Boost)  
  83  18:20  Probe  
  83  18:23  Probe  
  83  18:24  Pylon  
  83  18:26  Probe, Immortal  
  90  18:27  Immortal  
  90  18:28  Immortal  
  90  18:30  Stalker  
  90  18:32  Probe  
  101  18:42  Pylon, Probe x2  
  101  18:44  Probe  
  104  18:54  Probe  
  94  18:56  Probe  
  72  19:03  Stalker  
  72  19:04  Stalker x3  
  72  19:05  Stalker x3  
  72  19:06  Probe  
Tags
 
Add a new tag
Caveats
  • Supply blocks, unpowered buildings, or Contaminate may cause inaccurate times.
  • Supply counts are checked every 10 seconds.